 Dungeon Crawl Stone Soup version 0.30.1-4-g462c640d31 (webtiles) character file.

Game seed: 15729296796988182906

142 Kranky the Sneak (level 5, -2/45 HPs)
             Began as a Draconian Wanderer on Aug 31, 2023.
             Was an Initiate of Okawaru.
             Slain by an orc
             ... wielding a +0 trident
              (6 damage)
             ... on level 4 of the Dungeon.
             The game lasted 00:03:48 (2319 turns).

Kranky the Sneak (Draconian Wanderer)               Turns: 2319, Time: 00:03:48

Health: -2/45      AC:  6    Str: 15    XL:     5   Next: 4%
Magic:  5/7        EV: 11    Int: 12    God:    Okawaru [......]
Gold:   200        SH:  0    Dex: 12    Spells: 6/6 levels left

rFire   . . .        a - +2 falchion
rCold   . . .        (no shield)
rNeg    . . .        (body armour unavailable)
rPois   .            c - +0 hat
rElec   .            (no cloak)
rCorr   .            (no gloves)
SInv    .            h - +0 pair of boots
Will    .....        (no amulet)
Stlth   +++          (no ring)
HPRegen 0.27/turn    (no ring)
MPRegen 0.10/turn

%: no passive effects
@: no status effects
A: AC +5, unfitting armour, cold-blooded
a: Renounce Religion


You were on level 4 of the Dungeon.
You worshipped Okawaru.
Okawaru was noncommittal.
You visited 2 branches of the dungeon, and saw 5 of its levels.

You collected 200 gold pieces.

Inventory:

Hand Weapons
 a - a +2 falchion (weapon)
Missiles
 i - 5 poisoned darts (quivered)
 k - 8 javelins
Armour
 c - a +0 hat (worn)
 h - a +0 pair of boots (worn)
Scrolls
 f - a scroll of amnesia {unknown}
 j - 3 scrolls of identify {unknown}
 n - a scroll of teleportation {unknown}
 o - a scroll of magic mapping {unknown}
Potions
 b - 2 potions of curing
 d - 2 potions of lignification {unknown}
 e - 2 potions of might {unknown}
 g - 2 potions of heal wounds {unknown}
 l - a potion of attraction {unknown}
 m - a potion of cancellation {unknown}
 p - a potion of flight {unknown}


   Skills:
 + Level 3.4 Fighting
 + Level 3.8 Long Blades
 + Level 4.3 Stealth
 - Level 1.7 Unarmed Combat
 + Level 1.3 Spellcasting


You had 6 spell levels left.
You didn't know any spells.
Your spell library contained the following spells:

 Spells                   Type           Power      Damage    Failure   Level
 Necrotise                Necr           0%         1d4       28%         1
 Slow                     Hex            0%         N/A       28%         1
 Confusing Touch          Hex            0%         N/A       65%         3
 Vampiric Draining        Necr           0%         2d6       65%         3
 Agony                    Necr           0%         N/A       100%        5


Dungeon Overview and Level Annotations

Branches:
Dungeon (4/15)             Temple (1/1) D:4

Altars:
Ashenzari
Cheibriados
Dithmenos
Elyvilon
Fedhas
Hepliaklqana
Kikubaaqudgha
Nemelex Xobeh
Okawaru
Sif Muna
Trog
Vehumet
Xom

Shops:
D:3 (


Innate Abilities, Weirdness & Mutations

Your plain brown scales are hard. (AC +5)
You cannot fit into any form of body armour.
You are cold-blooded and may be slowed by cold attacks.


Message History

The jelly is severely wounded.
The orc closely misses you. The jelly barely misses you.
The orc hits you with a +0 short sword. The orc barely misses you. x2
There are monsters nearby!
You hit the jelly.
You kill the jelly!
Okawaru accepts your kill.
The orc hits you from afar with a +0 trident.
The orc barely misses you. x2; The orc misses you.
You have reached level 5!
The orc hits you with a +0 hand axe. The orc attacks as you move away!
The orc barely misses you. The orc attacks as you move away!
The orc hits you but does no damage.
You are too injured to fight recklessly!
You are too injured to fight recklessly!
You are too injured to fight recklessly!
You are too injured to fight recklessly!
You are too injured to fight recklessly!
You are too injured to fight recklessly!
You hit the orc. You tail-slap the orc.
The orc is severely wounded.
The orc closely misses you.
The orc hits you from afar with a +0 trident!
* * * LOW HITPOINT WARNING * * *
The orc hits you but does no damage.
You hit the orc.
You kill the orc!
Okawaru accepts your kill.
The orc hits you from afar with a +0 trident.
* * * LOW HITPOINT WARNING * * *
The orc hits you but does no damage.
You barely miss the orc. Your punch misses the orc. The orc closely misses you.
The orc misses you. The orc barely misses you.
Unknown command.
You hit the orc.
The orc is almost dead.
The orc hits you with a +0 flail.
* * * LOW HITPOINT WARNING * * *
The orc hits you from afar with a +0 trident.
You die...

####### #.....#
##############.....#
###..................#
......o.########.....#
###.#.#@# #.....#
......#o# ###.###
#...o.# #.#
............# ##.##
.#..........#####...####
............##..........
.#..........##.##...###.
##............##...# #.
...............#.## #.


You could see 3 orcs.

Vanquished Creatures
  A jelly (D:4)
  Robin (D:2)
  An adder (D:2)
  2 worms
  A dart slug (D:1)
  2 orcs
  4 ball pythons
  2 bats
  10 endoplasms
  3 giant cockroaches
  7 hobgoblins
  2 jackals (D:2)
  7 kobolds
  7 quokkas
  A frilled lizard (D:2)
  15 goblins
  3 rats
69 creatures vanquished.

Notes
Turn   | Place    | Note
-------+----------+-------------------------------------------
     0 | D:1      | Kranky the Draconian Wanderer began the quest for the Orb.
     0 | D:1      | Kranky set off with the following items: a +2 falchion, 2
                  | potions of curing, a +0 hat.
     0 | D:1      | Reached XP level 1. HP: 17/17 MP: 1/1
   168 | D:1      | Reached XP level 2. HP: 22/25 MP: 2/2
   570 | D:1      | Reached XP level 3. HP: 25/30 MP: 3/3
   884 | D:2      | Reached skill level 4 in Stealth
  1213 | D:2      | Found a faded altar of an unknown god.
  1303 | D:3      | Noticed Robin
  1375 | D:2      | Killed Robin
  1376 | D:2      | Reached XP level 4. HP: 30/38 MP: 5/5
  1628 | D:3      | Found Nottaus's Weapon Shop.
  1634 | D:3      | Reached skill level 1 in Spellcasting
  1975 | D:3      | You fall into a shaft and drop 1 floor!
  1978 | D:4      | Found a staircase to the Ecumenical Temple.
  1989 | Temple   | Entered the Ecumenical Temple
  2151 | Temple   | Became a worshipper of Warmaster Okawaru
  2314 | D:4      | Reached XP level 5. HP: 21/45 MP: 5/7
  2319 | D:4      | Slain by an orc

Illustrated notes

Levels and vault maps discovered:
D:1:      dpeg_arrival_arbitrary_b, layout_basic
D:2:      layout_rooms, ebering_ecumenical_altar_box
D:3:      layout_basic, serial_shops, shop, kennysheep_generic_room_11,
          uniq_robin
D:4:      layout_loops_ring, minmay_temple_entry_purple_smoke,
          kennysheep_generic_room_3, uniq_grinder
Temple:   hellmonk_temple_forest_ring

Skill      XL: |  1  2  3  4 |
---------------+-------------+-----
Stealth        | 4 |  4.3
Fighting       | 3 |  3.4
Spellcasting   | 1 |  1.3
Long Blades    | |  3.8
Unarmed Combat | |  1.7

Action                     |  1- 3 |  4- 6 || total
---------------------------+-------+-------++-------
  Melee: Falchion          |   122 |    56 ||   178
         Tailslap          |    10 |    10 ||    20
         Punch             |     3 |     3 ||     6
   Stab: Sleeping          |     8 |     5 ||    13
         Distracted        |       |     1 ||     1
 Armour: Skin              |    47 |    20 ||    67
  Dodge: Dodged            |    71 |    26 ||    97
